 Dungeon Crawl Stone Soup version 0.29.1-15-g9cfb28693d (webtiles) character file.

Game seed: 9293291019709847740

212 boopmooplesden the Chopper (level 5, 0/47 HPs)
             Began as a Draconian Berserker on Mar 8, 2023.
             Was a Believer of Trog.
             Succumbed to a scorpion's poison
             ... on level 4 of the Dungeon.
             The game lasted 00:03:24 (3156 turns).

boopmooplesden the Chopper (Draconian Berserker)    Turns: 3156, Time: 00:03:25

Health: 0/47       AC:  5    Str: 21    XL:     5   Next: 58%
Magic:  5/5        EV: 12    Int:  7    God:    Trog [**....]
Gold:   245        SH:  5    Dex: 11    Spells: 4/4 levels left

rFire   . . .      SeeInvis .   p - +0 war axe
rCold   . . .      Faith    .   (no shield)
rNeg    . . .      Spirit   .   (body armour unavailable)
rPois   .          Reflect  +   (helmet restricted)
rElec   .          Harm     .   (no cloak)
rCorr   .          Rampage  .   (no gloves)
Will    +....                   (no boots)
Stlth   +.........              m - amulet of reflection
HPRegen 0.15/turn               q - ring of willpower
MPRegen 0.09/turn               (no ring)

@: lethally poisoned (0 -> -2), on berserk cooldown, attractive, slowed, very
slow
A: AC +5, unfitting armour, cold-blooded
a: Renounce Religion, Berserk, Trog's Hand


You were on level 4 of the Dungeon.
You worshipped Trog.
Trog was pleased with you.
You visited 1 branch of the dungeon, and saw 4 of its levels.

You collected 245 gold pieces.

Inventory:

Hand Weapons
 a - a +0 hand axe
 p - a +0 war axe (weapon)
Missiles
 f - 2 throwing nets (quivered)
 k - 5 javelins
Jewellery
 m - an amulet of reflection (around neck)
 n - a ring of fire
 o - a ring of ice
 q - a ring of willpower (left hand)
Scrolls
 b - 4 scrolls of identify {unknown}
 c - 2 scrolls of enchant armour {unknown}
 r - a scroll of magic mapping {unknown}
 s - a scroll of silence {unknown}
 u - a scroll of amnesia {unknown}
 w - a scroll of vulnerability {unknown}
Potions
 d - 2 potions of invisibility {unknown}
 e - 2 potions of berserk rage
 g - 2 potions of brilliance {unknown}
 h - 2 potions of attraction
 i - 3 potions of haste {unknown}
 j - 3 potions of mutation {unknown}
 l - 2 potions of might {unknown}
 t - a potion of heal wounds {unknown}
 v - a potion of degeneration {unknown}


   Skills:
 + Level 4.4 Fighting
 + Level 4.9 Axes
 + Level 3.5 Dodging
 + Level 0.7 Stealth
 + Level 0.7 Shields


You had 4 spell levels left.
You didn't know any spells.
Your spell library was empty.

Dungeon Overview and Level Annotations

Branches:
Dungeon (4/15)
 Temple: D:4-7

Altars:


Innate Abilities, Weirdness & Mutations

Your plain brown scales are hard. (AC +5)
You cannot fit into any form of body armour.
You are cold-blooded and may be slowed by cold attacks.


Message History

You are more poisoned.
The scorpion poisons you!
You hit the scorpion but do no damage. You punch the scorpion.
The scorpion is almost dead.
You feel very sick. You block the scorpion's attack. x2
You closely miss the scorpion.
The scorpion is almost dead.
* * * LOW HITPOINT WARNING * * *
You feel very sick. The scorpion stings you.
* * * LOW HITPOINT WARNING * * *
You slash the scorpion!
You kill the scorpion!
Trog accepts your kill.
* * * LOW HITPOINT WARNING * * *
You feel very sick.
* * * LOW HITPOINT WARNING * * *
You feel sick.
You see here a scorpion corpse.
It was a potion of attraction.
You feel attractive to monsters.
* * * LOW HITPOINT WARNING * * *
You feel sick.
It was a potion of berserk rage.
A red film seems to cover your vision as you go berserk!
You feel yourself moving faster!
You feel mighty!
* * * LOW HITPOINT WARNING * * *
You feel sick.
You are too berserk!
You feel a strong urge to attack something.
* * * LOW HITPOINT WARNING * * *
You feel sick.
* * * LOW HITPOINT WARNING * * *
You feel sick.
You feel your anger nearly subside.
You are no longer berserk.
You are exhausted.
You feel yourself slow down.
You die...

.###.##...######
#........<..#
#.......###.# #.......#
#.# #..###.......# #.#
#............###.##
#..###.......##... .
#........#..#
#..[.....#.@#
###.#..#.#..#
#.#####.#..#.#..# #
#............#..# .#
...........#####†##.#####
.#.#####.................
<...........####..#.#)###
##.#####..#.........#
#.#####..######..###


There were no monsters in sight!

Vanquished Creatures
  A scorpion (D:4)
  4 gnolls (D:3)
  3 adders
  5 dart slugs
  A worm (D:2)
  An orc (D:2)
  7 bats
  4 endoplasms
  2 giant cockroaches
  8 goblins
  7 hobgoblins
  4 jackals (D:1)
  4 quokkas
  7 ball pythons
  2 frilled lizards (D:2)
  4 kobolds
  6 rats
70 creatures vanquished.

Notes
Turn   | Place    | Note
-------+----------+-------------------------------------------
     0 | D:1      | boopmooplesden the Draconian Berserker began the quest for
                  | the Orb.
     0 | D:1      | Reached XP level 1. HP: 19/19 MP: 1/1
   271 | D:1      | Reached XP level 2. HP: 26/26 MP: 2/2
   867 | D:2      | Reached XP level 3. HP: 33/33 MP: 3/3
  1208 | D:2      | Reached ** piety under Trog
  1409 | D:2      | Found a faded altar of an unknown god.
  1893 | D:2      | Reached XP level 4. HP: 37/40 MP: 4/4
  2739 | D:3      | Reached XP level 5. HP: 38/46 MP: 5/5
  3152 | D:4      | HP: 3/70 [poisoned by a scorpion]
  3156 | D:4      | Succumbed to a scorpion's poison

Illustrated notes

Levels and vault maps discovered:
D:1:      ncdulo_wetmaze, layout_basic
D:2:      minmay_thinvault, layout_basic, basic_ecumenical_altar
D:3:      layout_loops_cross, nicolae_figureground_sparkle
D:4:      layout_loops_ring, minmay_temple_entry_water_ring

Skill      XL: |  1  2  3 |
---------------+----------+-----
Dodging        | 3 |  3.5
Fighting       | 4 |  4.4
Axes           | 4 |  4.9
Stealth        | |  0.7
Shields        | |  0.7

Action                   |  1- 3 |  4- 6 || total
-------------------------+-------+-------++-------
Melee: Hand axe          |   140 |       ||   140
       Tailslap          |    18 |     8 ||    26
       War axe           |     9 |    75 ||    84
       Punch             |     1 |     1 ||     2
Invok: Berserk           |       |     1 ||     1
  Use: Potion            |       |     2 ||     2
 Stab: Sleeping          |       |     1 ||     1
Armor: Skin              |    50 |    14 ||    64
Dodge: Dodged            |   110 |    45 ||   155
Block: Other             |     7 |    17 ||    24
       Reflection        |     1 |       ||     1
